 Dungeon Crawl Stone Soup version 0.30-a0-439-g9e77e4d916 (webtiles) character file.

Game seed: 2162353680267508711

82 bande the Covered (level 4, 0/29 HPs)
             Began as a Gargoyle Fighter on Dec 10, 2022.
             Killed by divine providence
             ... invoked by an orc priest
              (9 damage)
             ... on level 3 of the Dungeon.
             The game lasted 00:03:17 (1814 turns).

bande the Covered (Gargoyle Fighter)                Turns: 1814, Time: 00:03:18

Health: 0/29       AC: 12    Str: 19    XL:     4   Next: 43%
Magic:  4/4        EV:  9    Int:  9    God:
Gold:   152        SH:  4    Dex: 11    Spells: 3/3 levels left

rFire   . . .      SeeInvis .    a - +0 war axe
rCold   . . .      Faith    .    c - +0 buckler
rNeg    + . .      Spirit   .    b - +0 scale mail
rPois   ∞          Reflect  .    s - +1 helmet
rElec   +          Harm     .    (no cloak)
rCorr   .          Rampage  .    (no gloves)
Will    .....                    (no boots)
Stlth   ..........               (no amulet)
HPRegen 0.24/turn                (no ring)
MPRegen 0.09/turn                (no ring)

@: no status effects
A: sickness immunity, AC +3, negative energy resistance 1, electricity
resistance, torment resistance 1, petrification resistance
a: no special abilities


You were on level 3 of the Dungeon.
You visited 1 branch of the dungeon, and saw 3 of its levels.

You collected 152 gold pieces.

Inventory:

Hand Weapons
 a - a +0 war axe (weapon)
 n - a +0 war axe
Armour
 b - a +0 scale mail (worn)
 c - a +0 buckler (worn)
 s - a +1 helmet (worn)
Jewellery
 k - a +6 ring of strength
Scrolls
 i - 2 scrolls of magic mapping
 j - 2 scrolls of teleportation
 m - a scroll of identify
 p - a scroll of fear {unknown}
 r - a scroll of enchant weapon {unknown}
Potions
 d - 2 potions of might
 h - 2 potions of curing {unknown}
 l - a potion of degeneration {unknown}
 o - a potion of resistance {unknown}
 q - a potion of invisibility {unknown}


   Skills:
 + Level 3.7 Fighting
 + Level 3.1 Axes
 + Level 4.0 Armour
 + Level 3.5 Shields


You had 3 spell levels left.
You didn't know any spells.
Your spell library contained the following spells:

 Spells                   Type           Power      Damage    Failure   Level
 Foxfire                  Conj/Fire      0%         2x1d4     83%         1
 Searing Ray              Conj           0%         2d4       93%         2
 Dazzling Flash           Conj/Hex       0%         N/A       99%         3
 Iskenderun's Mystic Bla  Conj/Tloc      0%         2d3       100%        4
 Starburst                Conj/Fire      0%         6d3       100%        6
 Statue Form              Tmut/Erth      Unusable   N/A       N/A         6

Dungeon Overview and Level Annotations

Branches:
Dungeon (3/15)

Altars:
Sif Muna


Innate Abilities, Weirdness & Mutations

You are immune to sickness and miasma.
Your stone body is resilient. (AC +3)
You are immune to poison.
You resist negative energy. (rN+)
You are resistant to electric shocks. (rElec)
You are resistant to unholy torment.
You are immune to petrification.


Message History

You hit the orc priest but do no damage.
The jackal barely misses you. The orc closely misses you.
The goblin hits you but does no damage. You block the orc priest's attack.
The jackal closely misses you.
The jackal bites you but does no damage.
Unknown command.
You barely miss the orc priest. You completely miss the orc.
You hit the jackal. x2; You closely miss the goblin.
The jackal closely misses you. x2; The orc hits you but does no damage.
The goblin hits you but does no damage.
The orc priest mumbles some strange prayers to Beogh against you.
Beogh smites you!
Ouch! That really hurt!
The jackal closely misses you.
The jackal bites you but does no damage.
The goblin hits you with a +0 dagger. The orc barely misses you.
The orc priest begins to cast a cantrip, but forgets the words!
You hit the orc priest but do no damage.
You miss the jackal. You slash the goblin!
You kill the goblin!
You hit the orc. You closely miss the jackal. The jackal bites you.
The jackal bites you but does no damage.
The orc closely misses you. You block the orc priest's attack.
The jackal bites you but does no damage.
The jackal barely misses you.
You hit the orc priest.
The orc priest is moderately wounded.
You closely miss the jackal. You hit the orc.
You kill the orc!
You closely miss the jackal. The jackal bites you.
The jackal closely misses you.
The jackal bites you but does no damage.
The jackal barely misses you.
You slash the orc!
You kill the orc!
You closely miss the jackal. You hit the jackal but do no damage.
The jackal bites you but does no damage. x2
The orc priest mumbles some strange prayers to Beogh against you.
Beogh smites you!
You die...

*,***,,,,,,* *,* *,*,**,*
*,* #,*,**,*#** *,*
#.*,,,,.,,* *,*
#.****.#*,* *,*
#.####.#*,**** *,*
#......#*,,,,*
*,####..)..#****,*
*,#....@)..# *,*
***,#.##hho..# *,*
**,*,#,*#.o...#****,****
**,*,,*,*#.....#*,,,,,,,*
*,***,*,*#.##.##*,**,**,*
**,*,**,,..,,.#**,**,**,*
**,***,,..o,..**,**,**,*
*,*,,,>..**#.#*,**,**,*
*,*,*,**,* *,**,**,**,*


You could see an orc priest, an orc and 2 jackals.

Vanquished Creatures
  3 adders (D:2)
  2 worms (D:2)
  2 orcs (D:3)
  2 ball pythons
  2 endoplasms
  5 goblins
  3 hobgoblins
  6 jackals
  6 quokkas
  3 bats
  A frilled lizard (D:2)
  7 kobolds
  A rat (D:2)
43 creatures vanquished.

Notes
Turn   | Place    | Note
-------+----------+-------------------------------------------
     0 | D:1      | bande the Gargoyle Fighter began the quest for the Orb.
     0 | D:1      | Reached XP level 1. HP: 14/14 MP: 1/1
   210 | D:1      | Reached XP level 2. HP: 17/19 MP: 2/2
  1019 | D:2      | Reached XP level 3. HP: 23/23 MP: 3/3
  1143 | D:2      | Found a shimmering blue altar of Sif Muna.
  1192 | D:2      | Got the Handbook of Reformation and the Barrage
  1217 | D:2      | Reached skill level 4 in Armour
  1217 | D:2      | Reached XP level 4. HP: 29/29 MP: 4/4
  1814 | D:3      | Killed from afar by an orc priest

Illustrated notes

Levels and vault maps discovered:
D:1:      psy_arrival_fountain, layout_basic
D:2:      layout_loops_corners, basic_altar
D:3:      layout_loops_cross, nicolae_ru_path_of_blood, serial_bayou_pond_d

Skill      XL: |  1  2  3  4 |
---------------+-------------+-----
Axes           | 2 3 |  3.1
Armour         | 4 |  4.0
Fighting       | |  3.7
Shields        | |  3.5

Action                   |  1- 3 |  4- 6 || total
-------------------------+-------+-------++-------
Melee: War axe           |    76 |    23 ||    99
  Use: Scroll            |       |     5 ||     5
Armor: Scale mail        |    44 |    20 ||    64
Dodge: Dodged            |    45 |    20 ||    65
Block: Buckler           |     9 |     7 ||    16

Table legend: (Time is in decaauts)
 A = Elapsed time spent in this place.
 B = Non-inter-level travel time spent in this place.
 C = Inter-level travel time spent in this place.
 D = Time resting spent in this place.
 E = Time spent auto-exploring this place.
 F = Levels seen in this place.
 G = Mean time per level.
                   A        B        C        D        E       F      G
               +--------+--------+--------+--------+--------+-----+--------+
         Total |   1855 |   1845 |     10 |      0 |   1492 |   3 |  618.3 |
       Dungeon |   1855 |   1845 |     10 |      0 |   1492 |   3 |  618.3 |
               +--------+--------+--------+--------+--------+-----+--------+

Top non-repeatable levels by time:
     D:2: 974 daAuts
     D:1: 767 daAuts
     D:3: 113 daAuts
